 Dungeon Crawl Stone Soup version 0.30-a0-913-g9934a0ce24 (webtiles) character file.

Game seed: 3338632183462377833

7525 dialectric the Spear-Bearer (level 10, -8/81 HPs)
             Began as a Minotaur Fighter on Mar 19, 2023.
             Was a Follower of Lugonu.
             Mangled by Sonja
             ... wielding a +1 short sword of distortion
              (9 damage)
             ... on level 10 of the Dungeon.
             The game lasted 00:11:16 (7596 turns).

dialectric the Spear-Bearer (Minotaur Fighter)      Turns: 7596, Time: 00:11:16

Health: -8/81      AC: 16    Str: 22    XL:     10   Next: 95%
Magic:  8/9        EV: 10    Int:  5    God:    Lugonu [*.....]
Gold:   599        SH:  0    Dex: 13    Spells: 9/9 levels left

rFire   + . .      SeeInvis .    H - +4 trident
rCold   . . .      Faith    .    (no shield)
rNeg    . . .      Spirit   .    J - +1 chain mail {rF+}
rPois   .          Reflect  .    (helmet restricted)
rElec   .          Rampage  .    L - +2 cloak
rCorr   .                        (no gloves)
Will    .....                    (no boots) Stlth
                                 l - amulet of the acrobat
HPRegen 0.33/turn                v - +4 ring of slaying
MPRegen 0.11/turn                (no ring)

@: no status effects
A: reduced essence, horns 2, retaliatory headbutt
a: Renounce Religion, Depart the Abyss


You were on level 10 of the Dungeon.
You worshipped Lugonu.
Lugonu was aware of your devotion.
You visited 1 branch of the dungeon, and saw 10 of its levels.
You visited the Abyss 1 time.

You collected 641 gold pieces.
You spent 42 gold pieces at shops.

Inventory:

Hand Weapons
 a - a +0 trident
 H - a +4 trident (weapon)
Missiles
 G - 4 boomerangs (quivered)
Armour
 b - a +0 scale mail
 c - a +0 buckler
 J - a +1 chain mail of fire resistance (worn)
 L - a +2 cloak (worn)
Jewellery
 l - an amulet of the acrobat (around neck)
 o - an amulet of faith
 t - an amulet of regeneration
 v - a +4 ring of slaying (left hand)
 w - a ring of see invisible
 y - an amulet of magic regeneration
 B - an amulet of guardian spirit
 E - a ring of protection from cold
 K - a ring of willpower
Wands
 r - a wand of iceblast (5)
 x - a wand of flame (18)
 D - a wand of paralysis (7)
 N - a wand of acid (8)
Scrolls
 g - 2 scrolls of fear {unknown}
 h - a scroll of magic mapping
 j - a scroll of butterflies
 m - 8 scrolls of teleportation
 p - 5 scrolls of identify {unknown}
 s - 2 scrolls of enchant weapon {unknown}
 M - a scroll of enchant armour {unknown}
 P - a scroll of noise {unknown}
 Q - a scroll of amnesia
Potions
 d - 3 potions of might
 e - 2 potions of flight {unknown}
 f - 2 potions of cancellation {unknown}
 i - a potion of degeneration {unknown}
 k - a potion of resistance {unknown}
 n - 4 potions of attraction {unknown}
 q - 4 potions of heal wounds {unknown}
 u - a potion of brilliance {unknown}
 z - 2 potions of curing
 A - 2 potions of berserk rage {unknown}
 C - a potion of lignification {unknown}
 F - a potion of mutation {unknown}
 I - a potion of ambrosia {unknown}
 O - a potion of experience {unknown}


   Skills:
 + Level 9.4 Fighting
 + Level 13.3 Polearms
 + Level 10.9 Armour
 * Level 5.0 Dodging
 - Level 3.0 Stealth
 - Level 3.6 Shields
 + Level 0.4 Evocations


You had 9 spell levels left.
You didn't know any spells.
Your spell library contained the following spells:

 Spells                   Type           Power      Damage    Failure   Level
 Apportation              Tloc           0%         N/A       97%         1
 Necrotise                Necr           0%         1d4       97%         1
 Sting                    Tmut/Pois      0%         1d3       97%         1
 Summon Small Mammal      Summ           0%         N/A       97%         1
 Poisonous Vapours        Pois/Air       0%         N/A       99%         2
 Scorch                   Fire           0%         2d5       99%         2
 Frozen Ramparts          Ice            0%         1d1       100%        3
 Portal Projectile        Hex/Tloc       0%         N/A       100%        3
 Summon Guardian Golem    Hex/Summ       0%         N/A       100%        3
 Tukima's Dance           Hex            0%         N/A       100%        3
 Flame Wave               Conj/Fire      0%         2d4       100%        4
 Ice Form                 Ice/Tmut       0%         N/A       100%        4
 Olgreb's Toxic Radiance  Pois           0%         N/A       100%        4
 Summon Ice Beast         Ice/Summ       0%         N/A       100%        4
 Blade Hands              Tmut           0%         N/A       100%        5
 Summon Mana Viper        Hex/Summ       0%         N/A       100%        5
 Eringya's Noxious Bog    Tmut/Pois      0%         N/A       100%        6
 Summon Cactus Giant      Summ           0%         N/A       100%        6
 Monstrous Menagerie      Summ           0%         N/A       100%        7
 Orb of Destruction       Conj           0%         9d5       100%        7
 Spellforged Servitor     Conj/Summ      0%         N/A       100%        7


Dungeon Overview and Level Annotations

Branches:
Dungeon (10/15)            Temple (0/1) D:7            Lair (0/5) D:10
    Orc: D:9-12

Altars:
Hepliaklqana
Makhleb
Nemelex Xobeh
Wu Jian

Shops:
D:5 =   D:9 *

Annotations:
D:10 Sonja


Innate Abilities, Weirdness & Mutations

Your life essence is reduced to manifest your ancestor. (-10% HP)
You have a pair of horns on your head.
You reflexively headbutt those who attack you in melee.


Message History

You pass through the gate.
Welcome back to the Dungeon!
Level annotation: Sonja Reactivating autopickup.
You can no longer banish your foes.
Unknown command.
You closely miss Sonja.
Sonja is moderately wounded.
Sonja hits you with a +1 short sword of distortion.
Space warps horribly around you! Sonja hits you but does no damage.
Space warps horribly around you. Sonja completely misses you.
Unknown command.
You completely miss Sonja.
Sonja is moderately wounded.
Sonja zaps a wand.
You easily resist.
The now-empty wand crumbles to dust.
You completely miss Sonja.
Sonja is moderately wounded.
Sonja mumbles some strange words.
Sonja blinks!
Unknown command.
Aiming: Corrosive Bolt
Press: ? - help, Shift-Dir - straight line, f - Sonja
Aim: Sonja, wielding a +1 short sword of distortion and quivering curare-tipped darts (moderately wounded, 29% to hit)
The bolt of acid misses Sonja.
Sonja closely misses you. Sonja barely misses you.
Sonja hits you but does no damage. Space warps around you.
Sonja hits you with a +1 short sword of distortion.
Space warps horribly around you! Sonja hits you but does no damage.
Space warps horribly around you!!
* * * LOW HITPOINT WARNING * * *
Sonja hits you but does no damage. Space warps around you.
* * * LOW HITPOINT WARNING * * *
Unknown command.
You feel better.
Sonja hits you with a +1 short sword of distortion.
* * * LOW HITPOINT WARNING * * *
Space warps around you.
* * * LOW HITPOINT WARNING * * *
Sonja hits you but does no damage. Space warps horribly around you!
You die...

##. #...... ... #......
#.#+## #...... #$#..#
#####.. #.##.# #.. #.##.#
#.. #.##.### #.. #.##...#
#.. #.@.##.##########..
..#.###.K.##...##........
...............##......#.
..######.#####..##......#R
..?......# #.....##+#...
...###########.###).#...##
#.......#.# ##.^..##
#.#...#'#.# ###>.#
#..<......# ######


You could see Sonja.

Vanquished Creatures
  3 two-headed ogres
  Pikel (D:7)
  A hornet (D:10)
  A wraith (D:10)
  4 wyverns
  A basilisk (D:10)
  2 steam dragons
  A water moccasin (D:7)
  A swamp drake (D:10)
  4 orc warriors
  A sky beast (D:7)
  3 black bears
  An ice beast (D:6)
  An ogre (D:5)
  2 centaurs
  A lemure (D:7)
  3 kobold brigands
  A bullfrog (D:8)
  A gnoll sergeant (D:8)
  3 scorpions
  9 wights
  2 howler monkeys (D:10)
  2 hounds (D:4)
  4 orc priests
  A jelly (D:8)
  A gnoll bouda (D:7)
  3 iguanas
  2 sleepcaps
  5 orc wizards
  11 gnolls
  4 adders
  2 ufetubi
  A worm (D:3)
  A dart slug (D:1)
  30 orcs
  8 bats
  11 endoplasms
  7 giant cockroaches
  2 goblins
  6 hobgoblins
  5 jackals (D:5)
  25 kobolds
  5 quokkas
  4 ball pythons
  A frilled lizard (D:3)
  4 rats
192 creatures vanquished.

Vanquished Creatures (collateral kills)
  A komodo dragon (D:10)
  Sigmund (D:3)
  A wyvern (D:10)
  An ice beast (D:7)
  A scorpion (D:5)
  An orc priest (D:8)
  2 orc wizards
  The ghost of JumpingJurisdiction the Twirler, a weakling MiGl (D:5)
  2 adders
  5 gnolls
  A shadow imp (D:7)
  7 orcs
  2 hobgoblins (D:4)
  3 kobolds
  A ball python (D:3)
  A goblin (D:2)
31 creatures vanquished.

Vanquished Creatures (others)
  2 knights
2 creatures vanquished.

Grand Total: 225 creatures vanquished

Notes
Turn   | Place    | Note
-------+----------+-------------------------------------------
     0 | D:1      | dialectric the Minotaur Fighter began the quest for the
                  | Orb.
     0 | D:1      | Reached XP level 1. HP: 19/19 MP: 0/0
   143 | D:1      | Reached XP level 2. HP: 27/27 MP: 1/1
   393 | D:1      | Reached XP level 3. HP: 33/34 MP: 2/2
   396 | D:2      | Found a faded altar of an unknown god.
   428 | D:2      | Reached skill level 3 in Polearms
   441 | D:2      | Prayed at the altar of an unknown god.
   441 | D:2      | Became a worshipper of Hepliaklqana the Forgotten
   441 | D:2      | Reached * piety under Hepliaklqana
  1229 | D:3      | Reached ** piety under Hepliaklqana
  1230 | D:3      | Remembered your ancestor Senakhtenre as a knight
  1236 | D:3      | Reached XP level 4. HP: 36/36 MP: 3/3
  1293 | D:3      | Noticed Sigmund
  1310 | D:3      | Killed Sigmund
  1311 | D:3      | Reached skill level 5 in Polearms
  1311 | D:3      | Reached skill level 5 in Armour
  1311 | D:3      | Reached skill level 1 in Dodging
  1311 | D:3      | Reached XP level 5. HP: 24/42 MP: 4/4
  1716 | D:4      | Reached skill level 5 in Fighting
  1716 | D:4      | Reached XP level 6. HP: 47/50 MP: 5/5
  1729 | D:4      | Identified the staff of earth "Oqauw" {rCorr}
  1894 | D:4      | Reached skill level 6 in Polearms
  2304 | D:5      | Entered Level 5 of the Dungeon
  2312 | D:5      | Found a runed translucent door.
  2314 | D:5      | Noticed JumpingJurisdiction's ghost (weakling MiGl)
  2329 | D:5      | Found an ornate altar of the Wu Jian Council.
  2361 | D:5      | Found Ycaesakk's Jewellery Shop.
  2399 | D:5      | Reached XP level 7. HP: 51/54 MP: 6/6
  2557 | D:5      | Found a sparkling altar of Nemelex Xobeh.
  2880 | D:5      | Reached skill level 7 in Polearms
  2997 | D:5      | Reached skill level 1 in Stealth
  3361 | D:5      | Killed JumpingJurisdiction's ghost
  3362 | D:5      | Reached XP level 8. HP: 63/63 MP: 7/7
  3673 | D:6      | Reached *** piety under Hepliaklqana
  3970 | D:7      | Reached skill level 8 in Polearms
  4210 | D:7      | Found a staircase to the Ecumenical Temple.
  4456 | D:7      | Reached skill level 9 in Polearms
  4488 | D:7      | Reached XP level 9. HP: 70/71 MP: 8/8
  4712 | D:7      | Reached skill level 10 in Polearms
  5217 | D:8      | Noticed a two-headed ogre
  5236 | D:7      | Killed a two-headed ogre
  5237 | D:7      | Reached skill level 11 in Polearms
  5260 | D:8      | Noticed Pikel
  5391 | D:7      | Killed Pikel
  5664 | D:8      | Reached XP level 10. HP: 80/80 MP: 9/9
  5750 | D:8      | Reached skill level 12 in Polearms
  5901 | D:8      | Identified the +11 long sword of Anxiety {holy, rN+ MP+9
                  | Int+2}
  6077 | D:9      | Got the Atlas of the Figure
  6322 | D:9      | Reached skill level 10 in Armour
  6410 | D:9      | Found Asoomecwal's General Store.
  6413 | D:9      | Bought a scroll of teleportation for 42 gold pieces
  6669 | D:9      | Identified the +8 dagger of Adwikhli {flame, Fragile SInv
                  | Stlth+}
  6683 | D:9      | Reached **** piety under Hepliaklqana
  6851 | D:10     | Entered Level 10 of the Dungeon
  6958 | D:10     | Noticed a two-headed ogre
  6969 | D:10     | Killed a two-headed ogre
  7140 | D:10     | Noticed a two-headed ogre
  7148 | D:10     | Killed a two-headed ogre
  7149 | D:10     | Reached skill level 13 in Polearms
  7186 | D:10     | Found a burning altar of Makhleb.
  7319 | D:10     | Reached skill level 5 in Dodging
  7408 | D:10     | Found a staircase to the Lair.
  7538 | D:10     | Noticed Sonja
  7546 | D:10     | Paralysed by Sonja for 4 turns
  7547 | Abyss:1  | Cast into level 1 of the Abyss (Sonja)
  7583 | Abyss:1  | Found a corrupted altar of Lugonu.
  7589 | Abyss:1  | Fell from the grace of Hepliaklqana
  7589 | Abyss:1  | Became a worshipper of Lugonu the Unformed
  7589 | Abyss:1  | Reached * piety under Lugonu
  7589 | Abyss:1  | Reached ** piety under Lugonu
  7590 | D:10     | Escaped the Abyss
  7595 | D:10     | HP: 3/81 [Sonja/+1 short sword of distortion (6)]
  7596 | D:10     | HP: 1/81 [Sonja/+1 short sword of distortion (5)]
  7596 | D:10     | Mangled by Sonja

Illustrated notes

Levels and vault maps discovered:
D:1:      heliophobic_arrival_enchanted_forest, layout_loops_ring
D:2:      layout_basic, nicolae_ecumenical_pavilion, minmay_3d_cube
D:3:      layout_loops_cross, nicolae_underground_beach, uniq_sigmund
D:4:      layout_rooms
D:5:      layout_basic, chequers_temple_overflow_statue_of_worship,
          serial_shops, nicolae_shop_stone, hellmonk_ghost_happy_afterlife,
          portal_sewer_entry_b
D:6:      layout_loops_cross
D:7:      layout_basic, minmay_temple_entry_trees, hangedman_decor_peaks_small
D:8:      layout_rooms, special_room [special_room_orc],
          kennysheep_generic_room_10, uniq_pikel
D:9:      layout_basic, serial_shops, kennysheep_mini
D:10:     layout_basic, pf_just_have_faith, erik_lair_dragon,
          minmay_misc_feat_enclosed, kennysheep_diamond, uniq_sonja

Skill      XL: |  1  2  3  4  5  6  7  8  9 10 |
---------------+-------------------------------+-----
Fighting       | 4 5 6 7 8 9 |  9.4
Armour         | 4 5 7 8 9 10 | 10.9
Polearms       | 3 5 6 7 9 11 13 | 13.3
Dodging        | 1 2 3 5 |  5.0
Stealth        | 1 3 |  3.0
Shields        | |  3.6
Evocations     | |  0.4

Action                     |  1- 3 |  4- 6 |  7- 9 | 10-12 || total
---------------------------+-------+-------+-------+-------++-------
  Melee: Trident           |   116 |    71 |   188 |   116 ||   491
         Headbutt          |    11 |     6 |    24 |    22 ||    63
         Punch             |       |       |     3 |     1 ||     4
 Invoke: Ancestor Life: Kn |     1 |       |       |       ||     1
         Depart the Abyss  |       |       |       |     1 ||     1
  Evoke: Wand              |       |       |     1 |     4 ||     5
    Use: Potion            |       |     2 |       |     1 ||     3
         Scroll            |       |       |     5 |     1 ||     6
   Stab: Distracted        |     1 |       |     2 |       ||     3
         Confused          |       |       |       |     1 ||     1
 Armour: Scale mail        |    41 |    13 |    44 |       ||    98
         Chain mail        |       |       |       |    45 ||    45
  Dodge: Dodged            |    49 |    28 |   111 |    44 ||   232

Table legend: (Time is in decaauts)
 A = Elapsed time spent in this place.
 B = Non-inter-level travel time spent in this place.
 C = Inter-level travel time spent in this place.
 D = Time resting spent in this place.
 E = Time spent auto-exploring this place.
 F = Levels seen in this place.
 G = Mean time per level.
                   A        B        C        D        E       F      G
               +--------+--------+--------+--------+--------+-----+--------+
         Total |   7561 |   7098 |    463 |    531 |   5201 |  11 |  687.4 |
       Dungeon |   7518 |   7055 |    463 |    531 |   5201 |  10 |  751.8 |
         Abyss |     42 |     42 |      0 |      0 |      0 |   1 |   42.0 |
               +--------+--------+--------+--------+--------+-----+--------+

Top non-repeatable levels by time:
     D:7: 1282 daAuts
     D:5: 1084 daAuts
     D:8: 793 daAuts
     D:2: 726 daAuts
     D:3: 711 daAuts
     D:9: 685 daAuts
    D:10: 683 daAuts
     D:6: 661 daAuts
     D:4: 480 daAuts
     D:1: 408 daAuts
 Abyss:1: 42 daAuts
